 Dungeon Crawl Stone Soup version 0.30.1 (webtiles) character file.

Game seed: 823222032697364975

224 Descartes the Conjurer (level 5, -3/28 HPs)
             Began as a Deep Elf Conjurer on July 12, 2023.
             Succumbed to an orc wizard's poison
             ... on level 4 of the Dungeon.
             The game lasted 00:10:39 (4714 turns).

Descartes the Conjurer (Deep Elf Conjurer)          Turns: 4714, Time: 00:10:39

Health: -3/28      AC:  4    Str:  4    XL:     5   Next: 67%
Magic:  6/15       EV: 12    Int: 31    God:
Gold:   190        SH:  0    Dex: 13    Spells: 15/16 levels left

rFire   . . .        (no weapon)
rCold   . . .        (no shield)
rNeg    . . .        a - +0 robe
rPois   .            (no helmet)
rElec   .            (no cloak)
rCorr   .            g - +0 pair of gloves
SInv    .            i - +0 pair of boots
Will    .....        (no amulet)
Stlth   ++           c - +6 ring of intelligence
HPRegen 0.24/turn    (no ring)
MPRegen 0.14/turn

%: no passive effects
@: lethally poisoned (-3 -> -38)
A: no striking features
a: no special abilities


You were on level 4 of the Dungeon.
You visited 1 branch of the dungeon, and saw 4 of its levels.

You collected 190 gold pieces.

Inventory:

Missiles
 n - 5 poisoned darts
Armour
 a - a +0 robe (worn)
 g - a +0 pair of gloves (worn)
 i - a +0 pair of boots (worn)
Jewellery
 c - a +6 ring of intelligence (left hand)
Wands
 s - a wand of polymorph (7)
Scrolls
 d - 3 scrolls of fog {unknown}
 e - a scroll of vulnerability {unknown}
 f - 3 scrolls of blinking {unknown}
 k - 2 scrolls of noise {unknown}
 l - 3 scrolls of identify {unknown}
 o - 2 scrolls of brand weapon {unknown}
 p - 2 scrolls of enchant weapon {unknown}
 q - a scroll of teleportation {unknown}
 t - a scroll of enchant armour {unknown}
Potions
 b - a potion of magic
 j - a potion of curing {unknown}
 m - 2 potions of attraction
 r - 2 potions of mutation {unknown}
 u - a potion of lignification {unknown}
 v - a potion of flight {unknown}


   Skills:
 - Level 2.4 Dodging
 - Level 2.4 Stealth
 + Level 6.0 Spellcasting
 + Level 6.2 Conjurations


You had 15 spell levels left.
You knew the following spells:

 Your Spells              Type           Power      Damage    Failure   Level
a - Magic Dart            Conj           100%       1d8       1%          1

Your spell library contained the following spells:

 Spells                   Type           Power      Damage    Failure   Level
 Searing Ray              Conj           96%        2d7       1%          2
 Freeze                   Ice            36%        1d5       4%          1
 Dazzling Flash           Conj/Hex       56%        N/A       4%          3
 Hailstorm                Conj/Ice       28%        3d8       4%          3
 Frozen Ramparts          Ice            18%        1d3       14%         3
 Vhi's Electric Charge    Tloc/Air       18%        N/A       14%         3
 Fulminant Prism          Conj/Hex       14%        3d8       14%         4
 Iskenderun's Mystic Bla  Conj/Tloc      28%        2d7       14%         4
 Arcjolt                  Conj/Air       14%        1d24      36%         5
 Maxwell's Capacitive Co  Air            4%         ∞         100%        8


Dungeon Overview and Level Annotations

Branches:
Dungeon (4/15)
 Temple: D:4-7

Altars:

Annotations:
D:2 Sigmund


Message History

Confirm with . or Enter, or press ? or * to list all spells.
Aiming: Magic Dart (safe; 1% risk of failure)
Press: ? - help, Shift-Dir - straight line, f - hobgoblin
Aim: a hobgoblin (100% to hit)
The magic dart hits something.
* * * LOW HITPOINT WARNING * * *
You feel very sick. Something hits you.
* * * LOW HITPOINT WARNING * * *
You are more poisoned.
You feel much better.
You feel very sick. Something hits you.
You are more poisoned.
The hobgoblin barely misses you.
Casting: Magic Dart (safe; 1% risk of failure)
Confirm with . or Enter, or press ? or * to list all spells.
Aiming: Magic Dart (safe; 1% risk of failure)
Press: ? - help, Shift-Dir - straight line, f/p - hobgoblin
Aim: a hobgoblin (100% to hit)
The magic dart hits the hobgoblin.
You kill the hobgoblin!
You feel extremely sick. Something hits you but does no damage.
You are more poisoned.
Unknown command.
Casting: Magic Dart (safe; 1% risk of failure)
Confirm with . or Enter, or press ? or * to list all spells.
Aiming: Magic Dart (safe; 1% risk of failure)
Press: ? - help, Shift-Dir - straight line, f - orc
Aim: an orc, wielding a +0 dagger (100% to hit)
The magic dart hits the orc.
The orc is heavily wounded.
You feel very sick. Something hits you.
* * * LOW HITPOINT WARNING * * *
You are more poisoned.
The orc hits you with a +0 dagger.
* * * LOW HITPOINT WARNING * * *
You die...

##### ##.)..####### ######
### #...........#####....#
#..
....................####..
#...o..................
#.....@.......[#.......
#.....w#############......#
##....) #####...## #.....
........## .......
.......... .......
......#### ..#....
.......... ..#....
.......... ..........


You could see a worm and an orc.

Vanquished Creatures
  A howler monkey (D:2)
  An orc wizard (D:3)
  Ijyb (D:2)
  Terence (D:2)
  Robin (D:3)
  2 adders (D:2)
  A worm (D:2)
  2 dart slugs
  7 orcs
  2 endoplasms (D:3)
  8 giant cockroaches
  11 goblins
  7 hobgoblins
  3 jackals (D:2)
  2 quokkas
  4 ball pythons
  2 bats
  2 frilled lizards (D:1)
  4 kobolds
  2 rats (D:2)
64 creatures vanquished.

Notes
Turn   | Place    | Note
-------+----------+-------------------------------------------
     0 | D:1      | Descartes the Deep Elf Conjurer began the quest for the
                  | Orb.
     0 | D:1      | Reached XP level 1. HP: 10/10 MP: 6/6
   356 | D:1      | Reached XP level 2. HP: 15/15 MP: 4/8
  1054 | D:2      | Reached skill level 5 in Conjurations
  1054 | D:2      | Reached XP level 3. HP: 19/19 MP: 8/10
  1142 | D:2      | Noticed Terence
  1347 | D:2      | Reached XP level 4. HP: 24/24 MP: 0/12
  1574 | D:2      | You fall into a shaft and drop 2 floors!
  1656 | D:3      | Noticed Sigmund
  2086 | D:2      | Killed Terence
  2087 | D:2      | Reached skill level 5 in Spellcasting
  2174 | D:3      | Noticed Robin
  2174 | D:3      | Noticed Ijyb
  2446 | D:2      | Killed Ijyb
  2447 | D:2      | Reached XP level 5. HP: 7/28 MP: 1/14
  3352 | D:3      | Killed Robin
  4714 | D:4      | Succumbed to an orc wizard's poison

Illustrated notes

Levels and vault maps discovered:
D:1:      dpeg_arrival_boxes_within_box, layout_rooms, serial_park_tiny_2
D:2:      layout_loops_cross, uniq_terence
D:3:      layout_rooms, uniq_sigmund, uniq_robin, uniq_ijyb
D:4:      layout_basic, nicolae_overflow_two_pavilions

Skill      XL: |  1  2  3  4  5 |
---------------+----------------+-----
Spellcasting   | 4 5 6 |  6.0
Conjurations   | 5 6 |  6.2
Dodging        | |  2.4
Stealth        | |  2.4

Action                     |  1- 3 |  4- 6 || total
---------------------------+-------+-------++-------
   Cast: Magic Dart        |    57 |   141 ||   198
    Use: Potion            |       |     4 ||     4
 Armour: Robe              |     5 |    20 ||    25
  Dodge: Dodged            |    12 |    30 ||    42
